AoeStats
← Tunga

Arabia

505865702Analyzed
1v1 RM · 21d ago on Sep 11, 2026· 42m 39s· 2 players
Game mode
Random Map
Map size
Tiny (2 player)
Population
200
Speed
Normal
Resources
Standard
Victory
Conquest
Starting age
Dark Age
Ending age
Imperial Age
RankedLock teamsTeams togetherTeam positionsShared explorationLock speedFull tech treeHidden civsTurbo modeCheats
Victory
Defeat
🇹🇷 Burgundians · Türkiye
744
+16
🇮🇳 Huns · India
741
-16
Luffy
2:38 Loom
22:24 Feudal Age
22:43 Man-at-Arms
23:14 Arson
23:18 Horse Collar
24:02 Double-Bit Axe
25:24 Stone Mining
27:43 Wheelbarrow
30:45 Castle Age
29:09 Bloodlines
32:59 Husbandry
33:21 Hand Cart
Tunga
5:32 Loom
8:29 Wheelbarrow
21:06 Feudal Age
20:35 Horse Collar
20:43 Double-Bit Axe
26:47 Castle Age
27:09 Hand Cart
28:15 Husbandry
29:27 Cavalier
Connection lost

Rejoining the realm…

Still unreachable

The connection could not be restored.

Session expired

The server has moved on; the page needs a fresh start.